 Dungeon Crawl Stone Soup version 0.22-a0-185-ge330310 (webtiles) character file.

98245 Amnesiac the Carver (level 15, -3/113 HPs)
             Began as a Mummy Earth Elementalist on Feb 15, 2018.
             Was a High Priest of Ashenzari.
             Killed from afar by a deep elf sorcerer (19 damage)
             ... with a bolt of acid
             ... on level 3 of the Elven Halls.
             The game lasted 01:12:55 (28753 turns).

Amnesiac the Carver (Mummy Earth Elementalist)     Turns: 28753, Time: 01:12:55

Health: -3/113     AC: 39    Str: 17    XL:     15   Next: 74%
Magic:  24/37      EV: 10    Int: 19    God:    Ashenzari [*****.]
Gold:   2197       SH: 12    Dex: 13    Spells: 18/33 levels left

rFire    x . .     SeeInvis +   G - +9 double sword (slice) (curse)
rCold    + . .     Gourm    .   v - +0 shield (curse)
rNeg     + + +     Faith    .   u - +27 Lear's hauberk (curse)
rPois    ∞         Spirit   .   (helmet currently unavailable)
rElec    .         Reflect  .   (no cloak)
rCorr    .         Harm     .   (gloves currently unavailable)
MR       +....     Clarity  +   (boots currently unavailable)
Stlth    ..........             (no amulet)
HPRegen  0.28/turn              E - ring of magical power (curse)
MPRegen  0.25/turn              k - +4 ring of strength (curse)

@: about to teleport, very slightly contaminated
A: no food or potions, fire vulnerability, cold resistance 1, negative energy
resistance 3, torment resistance, unbreathing, in touch with death 1
a: Curse Item, Scrying, Transfer Knowledge, Renounce Religion


You were on level 3 of the Elven Halls.
You worshipped Ashenzari.
Ashenzari was extremely pleased with you.
You were not hungry.

You visited 5 branches of the dungeon, and saw 22 of its levels.
You also visited: Ossuary.

You collected 2197 gold pieces.

Inventory:

Hand Weapons
 a - a +2 dagger of venom
 G - a cursed +9 double sword of slicing (weapon)
Missiles
 b - 5 needles of paralysis
 p - 31 poisoned needles
 y - 9 throwing nets
 A - 7 curare-tipped needles
 D - 320 stones (quivered)
Armour
 u - the cursed +27 Lear's hauberk (worn)
   (You found it on level 5 of the Dungeon)

   It has a curse placed upon it.
 v - a cursed +0 shield (worn)
Jewellery
 e - a +2 ring of intelligence
 h - a +4 ring of evasion
 k - a cursed +4 ring of strength (right hand)
 l - an uncursed ring of stealth
 w - an uncursed ring of flight
 x - an uncursed ring of ice
 B - an uncursed ring of protection from cold
 E - a cursed ring of magical power (left hand)
 H - an uncursed ring of resist corrosion
Wands
 m - a wand of disintegration (12)
 t - a wand of iceblast (2)
 F - a wand of enslavement (10)
 I - a wand of polymorph (32)
Scrolls
 c - 8 scrolls of remove curse {!r}
 d - a scroll of silence {!r}
 f - 15 scrolls of identify {!r}
 g - 5 scrolls of enchant armour {!r}
 j - 3 scrolls of teleportation {!r}
 n - a scroll of brand weapon {!r}
 o - 5 scrolls of amnesia {!r}
 q - 2 scrolls of fear {!r}
 s - 4 scrolls of magic mapping {!r}
 C - a scroll of fog {!r}


   Skills:
 - Level 9.0 Fighting
 - Level 2.0(8.1) Short Blades
 - Level 12.1(15.8) Long Blades
 - Level 8.1(12.0) Armour
 - Level 8.1 Dodging
 - Level 2.0 Stealth
 - Level 8.0(10.7) Shields
 + Level 9.8 Spellcasting
 - Level 8.1(10.7) Transmutations
 * Level 9.9(12.4) Earth Magic


You had 18 spell levels left.
You knew the following spells:

 Your Spells              Type           Power        Failure   Level  Hunger
a - Sandblast             Erth           ######       1%          1    N/A
b - Passwall              Tmut/Erth      ######....   1%          2    N/A
c - Stone Arrow           Conj/Erth      ####..       24%         3    N/A
d - Lee's Rapid Deconstr  Erth           ######....   19%         5    N/A
e - Petrify               Tmut/Erth      ######..     10%         4    N/A

Dungeon Overview and Level Annotations

Branches:
Dungeon (15/15)            Temple (1/1) D:5            Lair (0/6) D:9
    Orc (2/2) D:11            Elf (3/3) Orc:2        Vaults (0/5) D:14
 Depths (1/5) D:15

Altars:
Ashenzari
Cheibriados
Dithmenos
Elyvilon
Fedhas
Hepliaklqana
Makhleb
Ru
Sif Muna
Trog
Vehumet
Beogh

Shops:
D:6 (   D:10 %   Orc:2 ((!%   Elf:1 }   Elf:3 :

Annotations:
Elf:2 3 runed doors
Depths:1 exclusion: obsidian statue, Asterion


Innate Abilities, Weirdness & Mutations

You do not eat or drink.
Your flesh is vulnerable to fire.
You are immune to poison.
Your flesh is cold resistant. (rC+)
You are immune to negative energy. (rN+++)
You are immune to unholy pain and torment.
You can survive without breathing.
You are in touch with the powers of death.


Message History

Okay, then.
Really read
j - 5 scrolls of teleportation {!r}?
As you read the scroll of teleportation {!r}, it crumbles to dust.
You feel strangely unstable.
Casting: Petrify (safe; 10% risk of failure)
Confirm with . or Enter, or press ? or * to list all spells.
Aiming: Lee's Rapid Deconstruction (quite dangerous; 19% risk of failure)
Press: ? - help, Dir - move target cursor The wall shatters!
The blast of rock fragments hits the orc warrior.
The orc warrior is severely wounded.
The blast of rock fragments hits the orc.
You kill the orc!
Your surroundings suddenly seem different.
A deep elf master archer comes into view.
Ashenzari warns you: It is carrying a longbow of velocity.
The deep elf master archer shouts!
A deep elf death mage comes into view. It is wielding a long sword.
The deep elf death mage shouts!
A deep elf sorcerer comes into view. It is wielding a short sword.
The deep elf sorcerer shouts!
A deep elf knight comes into view.
Ashenzari warns you: It is wielding a long sword of holy wrath.
The deep elf knight shouts!
You hear a shout! x8
The deep elf knight points at you and mumbles some strange words.
You block the stone arrow.
The deep elf master archer wields a longbow of velocity.
The deep elf master archer shoots an arrow.
You block the arrow.
Found 16 arrows. 2 deep elf demonologists, 3 deep elf annihilators, a deep elf sorcerer and a water elemental come into view.
Really read
j - 4 scrolls of teleportation {!r}?
As you read the scroll of teleportation {!r}, it crumbles to dust.
You feel strangely unstable.
The deep elf death mage hits you but does no damage.
The deep elf knight casts a spell at you.
The stone arrow hits you!
* * * LOW HITPOINT WARNING * * *
A deep elf mage and a deep elf elementalist come into view.
A deep elf annihilator and a water elemental come into view.
The deep elf annihilator is wielding a staff of wizardry.
The deep elf elementalist shouts!
The deep elf annihilator shouts!
The deep elf mage shouts!
You hear a shout! x2
The deep elf knight gestures at you while chanting.
The stone arrow misses you.
The deep elf master archer shoots an arrow.
You block the arrow.
The deep elf death mage barely misses you.
You riposte.
You slash the deep elf death mage!
The deep elf death mage is moderately wounded.
The deep elf annihilator gestures wildly while chanting.
The deep elf annihilator blinks!
The deep elf demonologist mumbles some strange words.
The deep elf mage mumbles some strange words.
The deep elf master archer shoots an arrow.
The arrow hits you but does no damage.
A deep elf sorcerer comes into view. It is wielding a dagger.
You see here an arrow.
A deep elf demonologist and a deep elf master archer come into view.
The deep elf master archer shouts!
The deep elf demonologist shouts!
You hear a shout!
The deep elf sorcerer points at you and mumbles some strange words.
The bolt of acid hits you!
You die...

* , ,.#e**,....., ,## ,
, ,,....##*(...#
#..,,,, *
..rs..##e1.###...,,,,,*
,.......#...#....., ,,
, .eEe..e.........., ,
* ,,.e......e........ ,
, * *,
,.........e....... , *
, .e..E...((ee..e.. *
,***.......@.e.......,,
* *, ,,,
#.....###e###.... *
,,,, ,###..**∆.e.. *..#
* ,, ##* ,{.....# *#
,,* *** * * {........ *
** ,* , ........ ,* * ,
,...⌠....e ',,* , * , ,
, ,* * * ,*, , ,, ,,, ,
,


You could see 2 deep elf master archers, 4 deep elf annihilators, a deep elf
death mage, an Executioner, 3 deep elf sorcerers, a deep elf elementalist, 2
deep elf demonologists, a deep elf knight, 2 water elementals, a redback and a
hell rat.

Vanquished Creatures
  Gastronok (Orc:1)
  A deep elf elementalist (Elf:3)
  2 deep elf annihilators (Elf:1)
  A minotaur (shapeshifter) (Elf:1)
  2 deep elf demonologists
  A deep elf death mage (Elf:2)
  Snorg (Orc:2)
  Josephine (D:11)
  2 deep elf high priests
  2 fire dragons (D:15)
  Fannar (D:10)
  Erolcha (Orc:1)
  A hydra (D:14)
  8 centaur warriors
  A death knight (D:14)
  14 dancing weapons
  An ogre mage (D:14)
  8 two-headed ogres
  Urug (D:11)
  2 orc high priests (Elf:1)
  Nergalle (Orc:1)
  12 deep elf knights
  An unseen horror (D:15)
  A skeletal warrior (D:14)
  An unseen horror (shapeshifter) (Elf:3)
  Pikel (D:9)
  A phantasmal warrior (D:14)
  8 deep elf archers
  3 orc knights (Orc:2)
  35 deep elf magi
  An orc sorcerer (Orc:2)
  A cyclops (shapeshifter) (Elf:3)
  3 cyclopes
  A manticore (D:15)
  An oklob plant (D:10)
  7 ugly things
  A gargoyle (D:13)
  A yaktaur (Depths:1)
  2 freezing wraiths
  8 trolls
  A tengu conjurer (D:15)
  A hornet (D:12)
  9 slime creatures
  7 hippogriffs
  Grinder (D:2)
  A meliai zombie (D:14)
  A harpy skeleton (D:15)
  2 air elementals
  A hippogriff (shapeshifter) (Elf:2)
  5 wraiths (D:11)
  2 water elementals
  18 yaks
  A shadow (D:15)
  A wyvern (D:11)
  Grum (D:10)
  3 basilisks
  6 fire elementals
  2 hungry ghosts
  Eustachio (D:4)
  A steam dragon (D:10)
  Menkaure (D:5)
  5 wargs
  8 vampire mosquitoes
  An acid dragon (D:14)
  2 porcupines (D:9)
  The ghost of zero the Sneak, an amateur SpEn (D:7)
  3 slaves (D:9)
  33 orc warriors
  3 sky beasts
  An eye of draining (D:14)
  4 ice beasts
  2 phantoms (D:9)
  2 black bears
  2 necrophages
  19 centaurs
  2 wolves (D:10)
  7 ogres
  3 crocodiles
  12 bullfrogs
  4 big kobolds
  6 earth elementals
  A wyvern zombie (D:13)
  A water moccasin zombie (D:8)
  4 scorpions
  10 killer bees (D:10)
  2 howler monkeys
  8 crimson imps
  4 jellies
  4 hounds
  7 centaur zombies
  13 orc priests
  6 bullfrog skeletons
  5 centaur skeletons
  4 iguanas
  18 orc wizards
  5 worker ants
  6 mummies (Ossuary)
  A worker ant zombie (D:9)
  A howler monkey skeleton (D:4)
  5 gnolls
  12 adders
  A shadow imp (D:12)
  An ooze (D:1)
  4 worms
  4 dart slugs
  5 leopard geckos
  66 orcs
  4 ball pythons
  9 bats
  10 giant cockroaches
  9 goblins
  6 hobgoblins
  4 jackals (D:4)
  23 kobolds
  10 quokkas
  9 frilled lizards
  6 hobgoblin zombies (Ossuary)
  A leopard gecko skeleton (D:6)
  5 rats
622 creatures vanquished.

Vanquished Creatures (others)
  A deep elf archer (Elf:2)
  A deep elf mage (Elf:1)
  An air elemental (Elf:2)
  A slave (D:9)
  3 orcs
  A quokka (D:10)
  3 kobolds (D:10)
  A bush (D:9)
  4 fungi (D:9)
  20 plants (D:9)
36 creatures vanquished.

Grand Total: 658 creatures vanquished

Notes
Turn   | Place    | Note
-------+----------+-------------------------------------------
     0 | D:1      | Amnesiac the Mummy Earth Elementalist began the quest for the Orb.
     0 | D:1      | Reached XP level 1. HP: 13/13 MP: 4/4
   152 | D:2      | Reached XP level 2. HP: 19/19 MP: 1/5
   156 | D:2      | Learned a level 2 spell: Passwall
   345 | D:4      | Noticed Grinder
   523 | D:4      | Reached XP level 3. HP: 21/24 MP: 3/7
   549 | D:4      | Noticed Eustachio
   590 | D:4      | Found a shattered altar of Ashenzari.
   603 | D:4      | Became a worshipper of Ashenzari the Shackled
   883 | D:1      | Learned a level 3 spell: Stone Arrow
  1706 | D:1      | Reached XP level 4. HP: 28/30 MP: 9/9
  1997 | D:2      | Reached skill level 1 in Short Blades
  2465 | D:2      | Killed Grinder
  2465 | D:2      | Reached XP level 5. HP: 4/35 MP: 0/11
  2465 | D:2      | Reached XP level 6. HP: 4/41 MP: 0/12
  2695 | D:2      | Learned a level 4 spell: Petrify
  2792 | D:3      | Reached skill level 1 in Transmutations
  3066 | D:3      | Reached * piety under Ashenzari
  3098 | D:3      | Found a blossoming altar of Fedhas.
  3107 | D:3      | Found a sacrificial altar of Ru.
  3817 | D:4      | Found a snail-covered altar of Cheibriados.
  3876 | D:4      | Killed Eustachio
  3876 | D:4      | Reached skill level 5 in Spellcasting
  3876 | D:4      | Reached skill level 5 in Earth Magic
  3876 | D:4      | Reached XP level 7. HP: 43/46 MP: 5/14
  4108 | D:4      | Found a hazy altar of Hepliaklqana.
  4208 | D:5      | Entered Level 5 of the Dungeon
  4409 | D:5      | Noticed Menkaure
  4478 | D:5      | Killed Menkaure
  4638 | D:5      | Identified the +2 leather armour of the Jackalope {MR+ Str+3}
  4871 | D:5      | Found the +27 Lear's hauberk
  5043 | D:6      | Learned a level 5 spell: Lee's Rapid Deconstruction
  5052 | D:6      | Found Imegouc's Weapon Boutique.
  5144 | D:6      | Reached XP level 8. HP: 41/52 MP: 15/17
  5221 | D:6      | Reached ** piety under Ashenzari
  5254 | D:6      | Got the quarterstaff of Eternity {flame, +Blink MR+}
  5260 | D:6      | Identified the +5 quarterstaff of Eternity {flame, +Blink MR+} (You found it on level 6 of the Dungeon)
  5487 | D:7      | Noticed zero's ghost (amateur SpEn)
  5884 | D:7      | Killed zero's ghost
  6042 | D:8      | Found a bloodstained altar of Trog.
  6064 | D:8      | Found a sand-covered staircase.
  6078 | Ossuary  | Entered an ossuary
  6605 | D:8      | Noticed a hippogriff
  6621 | D:8      | Killed a hippogriff
  6621 | D:8      | Reached XP level 9. HP: 11/57 MP: 12/20
  7159 | D:10     | Entered Level 10 of the Dungeon
  7358 | D:9      | Reached skill level 5 in Transmutations
  7359 | D:9      | Noticed Pikel
  7395 | D:9      | Killed Pikel
  7966 | D:8      | Found a burning altar of Makhleb.
  8715 | D:5      | Reached XP level 10. HP: 49/63 MP: 7/22
  8739 | D:5      | Found a staircase to the Ecumenical Temple.
  8938 | Temple   | Entered the Ecumenical Temple
  9102 | D:7      | Found a white marble altar of Elyvilon.
  9697 | D:9      | Reached *** piety under Ashenzari
  9707 | D:9      | Reached skill level 1 in Shields
 10123 | D:9      | Found a staircase to the Lair.
 10657 | D:10     | Reached skill level 1 in Armour
 10902 | D:10     | Found Ryhiadgh's Food Emporium.
 10908 | D:10     | Got the hand crossbow of Forgiveness {elec, rElec Str+8 Int-5}
 10909 | D:10     | Identified the +1 hand crossbow of Forgiveness {elec, rElec Str+8 Int-5} (You found it on level 10 of the Dungeon)
 11326 | D:10     | Reached skill level 5 in Shields
 11516 | D:10     | Noticed Grum
 11527 | D:10     | Killed Grum
 11527 | D:10     | Reached XP level 11. HP: 63/68 MP: 23/23
 11919 | D:10     | Found a deep blue altar of Sif Muna.
 11919 | D:10     | Noticed an oklob plant
 12212 | D:10     | Killed an oklob plant
 12359 | D:11     | Noticed Urug
 12444 | D:11     | Killed Urug
 12527 | D:11     | Found a staircase to the Orcish Mines.
 12794 | D:11     | Reached skill level 5 in Armour
 13170 | D:11     | Noticed Fannar
 14653 | D:10     | Killed Fannar
 14964 | D:12     | Identified the +1 chain mail "Taefek" {SInv}
 14985 | D:12     | Reached skill level 1 in Long Blades
 15033 | D:12     | Reached skill level 2 in Long Blades
 15047 | D:12     | Reached **** piety under Ashenzari
 15154 | D:12     | Reached skill level 3 in Long Blades
 15203 | D:12     | Reached XP level 12. HP: 72/74 MP: 24/24
 15220 | D:12     | Reached skill level 4 in Long Blades
 15703 | D:13     | Reached skill level 5 in Long Blades
 15987 | D:14     | Noticed a centaur warrior
 15996 | D:14     | Killed a centaur warrior
 16010 | D:14     | Noticed a two-headed ogre
 16016 | D:14     | Killed a two-headed ogre
 16016 | D:14     | Reached skill level 6 in Long Blades
 16021 | D:14     | Noticed a centaur warrior
 16244 | D:14     | Noticed a two-headed ogre
 16246 | D:14     | Noticed a two-headed ogre
 16359 | D:14     | Noticed an ogre mage
 16363 | D:14     | Killed an ogre mage
 16363 | D:14     | Reached skill level 7 in Long Blades
 16522 | D:13     | Killed a two-headed ogre
 16525 | D:13     | Killed a two-headed ogre
 16534 | D:14     | Noticed a two-headed ogre
 16538 | D:14     | Killed a centaur warrior
 16538 | D:14     | Reached skill level 8 in Long Blades
 16543 | D:14     | Killed a two-headed ogre
 16574 | D:14     | Noticed a two-headed ogre
 16580 | D:14     | Killed a two-headed ogre
 16733 | D:14     | Noticed a centaur warrior
 16743 | D:14     | Killed a centaur warrior
 16743 | D:14     | Reached skill level 9 in Long Blades
 17099 | D:14     | Noticed a two-headed ogre
 17107 | D:14     | Killed a two-headed ogre
 17130 | D:14     | Noticed a death knight
 17142 | D:14     | Killed a death knight
 17142 | D:14     | Gained mutation: You are in touch with the powers of death. [Mummy growth]
 17142 | D:14     | Reached XP level 13. HP: 79/79 MP: 25/25
 17166 | D:14     | Reached skill level 10 in Long Blades
 17350 | D:14     | Reached skill level 11 in Long Blades
 17825 | D:14     | Found a gate to the Vaults.
 17829 | D:14     | Reached ***** piety under Ashenzari
 18206 | D:14     | Reached skill level 12 in Long Blades
 18435 | D:14     | Found a burning altar of Makhleb.
 18549 | D:15     | Entered Level 15 of the Dungeon
 18567 | D:15     | Noticed a fire dragon
 18592 | D:15     | Killed a fire dragon
 18600 | D:15     | Noticed a fire dragon
 18612 | D:15     | Killed a fire dragon
 18659 | D:15     | Found a staircase to the Depths.
 18858 | D:15     | Reached skill level 5 in Dodging
 19391 | D:15     | Found a bloodstained altar of Trog.
 19505 | Depths:1 | Identified a paperback manual
 19505 | Depths:1 | Entered Level 1 of the Depths
 19657 | Depths:1 | Noticed Asterion
 19663 | Depths:1 | Noticed a green death
 19759 | Orc:1    | Entered Level 1 of the Orcish Mines
 19769 | Orc:1    | Noticed Gastronok
 19773 | Orc:1    | Noticed Nergalle
 19778 | Orc:1    | Noticed Josephine
 19789 | Orc:1    | Killed Gastronok
 19879 | D:11     | Reached XP level 14. HP: 73/85 MP: 26/26
 19884 | D:11     | Killed Josephine
 19956 | Orc:1    | Killed Nergalle
 20195 | Orc:1    | Found a bloodstained altar of Trog.
 20208 | Orc:1    | Noticed Erolcha
 20224 | Orc:1    | Killed Erolcha
 20471 | Orc:2    | Entered Level 2 of the Orcish Mines
 20509 | Orc:2    | Noticed Snorg
 20526 | Orc:2    | Killed Snorg
 20977 | Orc:2    | Found a roughly hewn altar of Beogh.
 21679 | Orc:2    | Reached skill level 1 in Fighting
 21769 | Orc:2    | Found Tiblit's Distillery.
 21769 | Orc:2    | Found Fowuequs's Weapon Emporium.
 21771 | Orc:2    | Found Cewoarinia's Weapon Shoppe.
 21773 | Orc:2    | Found Quryu's Food Boutique.
 21991 | Orc:2    | Found a staircase to the Elven Halls.
 22149 | Elf:1    | Entered Level 1 of the Elven Halls
 22611 | Elf:1    | Reached skill level 5 in Fighting
 23703 | Elf:1    | Found Lyshri's Gadget Boutique.
 24421 | Elf:1    | Reached XP level 15. HP: 50/113 MP: 27/27
 25478 | Elf:2    | Found a radiant altar of Vehumet.
 25480 | Elf:2    | Identified the +6 whip of Distraction {slash, rF+}
 26274 | Elf:2    | Noticed a Hell Sentinel
 26417 | Elf:2    | Found the +10 zealot's sword {holy, *Rage rN+ EV+3}
 26420 | Elf:2    | Found a runed gate.
 26420 | Elf:2    | Found a runed gate.
 26420 | Elf:2    | Found a runed gate.
 28255 | Elf:3    | Entered Level 3 of the Elven Halls
 28307 | Elf:3    | Noticed a Brimstone Fiend
 28307 | Elf:3    | Noticed a Brimstone Fiend
 28533 | Elf:3    | Found Nummeb's One-of-a-Kind Books.
 28750 | Elf:3    | Noticed a deep elf master archer
 28750 | Elf:3    | Noticed a deep elf sorcerer
 28751 | Elf:3    | Noticed a deep elf sorcerer
 28753 | Elf:3    | Noticed a deep elf sorcerer
 28753 | Elf:3    | Noticed an Executioner
 28753 | Elf:3    | Noticed a deep elf master archer
 28753 | Elf:3    | Killed from afar by a deep elf sorcerer

Vault maps used:
D:1:      wheals_arrival_shading, minmay_quantized
D:3:      amethyst_overflow_temple_binary, first_ration
D:4:      lemuel_round_altar, cheibrodos_ashenzari_chains,
          minmay_misc_feat_secret_circle, cheibriados_altar_1, uniq_eustachio,
          uniq_grinder
D:5:      minmay_temple_entry_from_below_a, uniq_menkaure
D:6:      cheibrodos_barr_body, serial_shops, shop
D:7:      elyvilon_altar_3, grunt_ogre_cave, amethyst_killhole, corner_web_ring
D:8:      lightli_temple_of_fire, enter_ossuary_1, trog_three_pillars_becter
D:9:      minmay_lair_entry_grove, uniq_pikel
D:10:     serial_shops, shop, lemuel_oklob_altar, uniq_grum, uniq_urug
D:11:     minmay_orc_entry_guard_dogs, nicolae_benzene_ring, uniq_fannar
D:13:     serial_bayou_crossing
D:14:     erik_vaults_1, basic_altar
D:15:     grunt_enter_depths_hoard, hangedman_abyss_or_decor_stagger,
          basic_altar, serial_glass, glass_columns_b, glass_columns_c,
          glass_columns_b, glass_columns_a, glass_columns_b, glass_columns_a,
          glass_columns_a, glass_columns_a
Temple:   nicolae_temple_elliptical
Orc:1:    bloody_trog, uniq_nergalle, uniq_gastronok, uniq_josephine,
          uniq_erolcha
Orc:2:    st_orc_rangers, basic_altar, uniq_snorg
Elf:1:    eino_elf_arrival_shootout, serial_shops, shop,
          kennysheep_underground_church
Elf:2:    basic_altar, hangedman_corner_corridor
Elf:3:    minmay_elf_hall_hex, basic_altar, special_room, nicolae_rare_books,
          uniq_saint_roka, uniq_roxanne
Depths:1: minmay_misc_feat_tower, hell_entry, hangedman_devilish_allure,
          kennysheep_random_hallway, uniq_asterion
Ossuary:  ossuary_the_hunt_dpeg

Skill      XL: |  1  2  3  4  5  6  7  8  9 10 11 12 13 14 15 |
---------------+----------------------------------------------+-----
Spellcasting   | 3 4 5 6 7 8 9 |  9.8
Earth Magic    | 3 4 5 6 7 8 9 |  9.9
Stealth        | 2 |  2.0
Short Blades   | 1 2 |  2.0
Transmutations | 1 2 4 7 8 |  8.1
Shields        | 6 7 8 |  8.0
Armour         | 2 6 7 8 |  8.1
Dodging        | 2 3 6 7 8 |  8.1
Long Blades    | 3 9 12 | 12.1
Fighting       | 9 |  9.0

Action                   |  1- 3 |  4- 6 |  7- 9 | 10-12 | 13-15 || total
-------------------------+-------+-------+-------+-------+-------++-------
Melee: Dagger            |    49 |   202 |   160 |   332 |       ||   743
       Short sword       |    32 |       |       |       |       ||    32
       Unarmed           |     3 |       |       |       |       ||     3
       Quarterstaff      |       |       |    48 |       |       ||    48
       Double sword      |       |       |       |   283 |  1076 ||  1359
 Fire: Hand crossbow     |       |       |       |   304 |       ||   304
Throw: Throwing net      |       |       |     5 |       |       ||     5
 Cast: Sandblast         |    31 |    66 |   135 |    62 |       ||   294
       Passwall          |     1 |       |     9 |     7 |    11 ||    28
       Petrify           |       |       |    34 |    31 |    80 ||   145
       Lee's Rapid Decon |       |       |     6 |     6 |    22 ||    34
       Stone Arrow       |       |       |       |       |     4 ||     4
Invok: Curse Item        |     2 |       |     1 |     4 |       ||     7
Evoke: Wand              |       |       |       |       |    15 ||    15
  Use: Scroll            |       |       |    10 |     5 |     8 ||    23
 Stab: Sleeping          |     9 |    12 |    13 |       |       ||    34
       Petrified         |       |       |    64 |    58 |    79 ||   201
       Petrifying        |       |       |     5 |     2 |     9 ||    16
       Distracted        |       |       |     1 |       |       ||     1
       Held in net/web   |       |       |     1 |       |       ||     1
Armor: Robe              |    44 |    58 |    69 |     9 |       ||   180
       Chain mail        |       |       |       |   623 |   658 ||  1281
Dodge: Dodged            |    76 |   139 |   132 |   300 |   293 ||   940
Block: Shield            |       |       |       |   379 |   588 ||   967
       Buckler           |       |       |       |    16 |       ||    16
       Rpst.: Double sword |       |       |       |    25 |    78 ||   103

Table legend:
 A = Spawn XP
 B = Non-spawn XP
 C = Spawn XP percentage of total XP
 D = Spawn monster count
 E = Non-spawn monster count
 F = Spawn count percentage of total count
 G = Total turns spent on level
                    A         B        C        D         E        F      G
               +---------+---------+-------+---------+---------+-------+---------
         Total |       0 |  140350 |   0.0 |       0 |     620 |   0.0 | 28753
               +---------+---------+-------+---------+---------+-------+---------
           D:1 |       0 |      64 |   0.0 |       0 |      26 |   0.0 |  1201
           D:2 |       0 |     351 |   0.0 |       0 |      22 |   0.0 |  1083
           D:3 |       0 |     103 |   0.0 |       0 |      26 |   0.0 |   946
           D:4 |       0 |     471 |   0.0 |       0 |      22 |   0.0 |  1100
           D:5 |       0 |     653 |   0.0 |       0 |      13 |   0.0 |  1090
           D:6 |       0 |     753 |   0.0 |       0 |      32 |   0.0 |  1126
           D:7 |       0 |    1283 |   0.0 |       0 |      27 |   0.0 |  1382
           D:8 |       0 |     520 |   0.0 |       0 |      11 |   0.0 |  1175
           D:9 |       0 |    4047 |   0.0 |       0 |      34 |   0.0 |  1554
          D:10 |       0 |    4552 |   0.0 |       0 |      40 |   0.0 |  2508
          D:11 |       0 |    7630 |   0.0 |       0 |      45 |   0.0 |  1355
          D:12 |       0 |    4357 |   0.0 |       0 |      30 |   0.0 |   672
          D:13 |       0 |    4431 |   0.0 |       0 |      19 |   0.0 |   891
          D:14 |       0 |   27513 |   0.0 |       0 |      62 |   0.0 |  2230
          D:15 |       0 |    6066 |   0.0 |       0 |      23 |   0.0 |  1008
         Orc:1 |       0 |    4387 |   0.0 |       0 |       9 |   0.0 |   599
         Orc:2 |       0 |   10617 |   0.0 |       0 |      57 |   0.0 |  2185
         Elf:1 |       0 |   35008 |   0.0 |       0 |      60 |   0.0 |  3756
         Elf:2 |       0 |   18745 |   0.0 |       0 |      33 |   0.0 |  2059
         Elf:3 |       0 |    8214 |   0.0 |       0 |      14 |   0.0 |   282
      Depths:1 |       0 |     382 |   0.0 |       0 |       1 |   0.0 |    36
       Ossuary |       0 |     203 |   0.0 |       0 |      14 |   0.0 |   513
               +---------+---------+-------+---------+---------+-------+---------
